 Dungeon Crawl Stone Soup version 0.21.1-1-g345015fe64 (webtiles) character file.

4370 Htamos the Basher (level 10, -1/63 HPs)
             Began as a Gargoyle Berserker on July 4, 2018.
             Was a High Priest of Trog.
             Killed from afar by a steam dragon (11 damage)
             ... with a ball of steam
             ... on level 9 of the Dungeon.
             The game lasted 00:25:02 (8110 turns).

Htamos the Basher (Gargoyle Berserker)              Turns: 8110, Time: 00:25:03

Health: -1/63      AC: 21    Str: 21    XL:     10   Next: 34%
Magic:  10/10      EV:  8    Int:  8    God:    Trog [*****.]
Gold:   297        SH:  0    Dex: 12    Spells: 9/9 levels left

rFire    . . .     SeeInvis .   r - +2 dire flail (venom)
rCold    . . .     Gourm    .   (shield currently unavailable)
rNeg     + . .     Faith    .   A - +0 chain mail
rPois    ∞         Spirit   .   j - +0 helmet
rElec    +         Reflect  .   (no cloak)
rCorr    .         Harm     .   i - +0 pair of gloves
MR       .....                  o - +0 pair of boots
Stlth    ..........             (no amulet)
HPRegen  0.20/turn              (no ring)
MPRegen  0.12/turn              (no ring)

@: no status effects
A: negative energy resistance 1, electricity resistance, unbreathing,
petrification resistance, rot immunity, AC +7
a: Berserk, Trog's Hand, Brothers in Arms, Burn Spellbooks, Renounce Religion


You were on level 9 of the Dungeon.
You worshipped Trog.
Trog was extremely pleased with you.
You were very hungry.

You visited 2 branches of the dungeon, and saw 12 of its levels.
You also visited: Ossuary.

You collected 297 gold pieces.

Inventory:

Hand Weapons
 a - a +0 mace
 r - a +2 dire flail of venom (weapon)
 v - a +0 morningstar of pain
Missiles
 G - 196 stones (quivered)
Armour
 g - a +0 ring mail
 i - a +0 pair of gloves (worn)
 j - a +0 helmet (worn)
 o - a +0 pair of boots (worn)
 A - a +0 chain mail (worn)
Jewellery
 d - an uncursed ring of positive energy {unknown}
Wands
 B - a wand of disintegration (13)
 H - a wand of scattershot (6)
Scrolls
 e - 10 scrolls of identify
 k - a scroll of enchant armour {unknown}
 l - 4 scrolls of enchant weapon {unknown}
 m - 3 scrolls of fog {unknown}
 q - a scroll of remove curse {unknown}
 w - 2 scrolls of amnesia {unknown}
 y - a scroll of noise {unknown}
 E - 2 scrolls of teleportation {unknown}
 F - a scroll of vulnerability {unknown}
Potions
 b - 2 potions of heal wounds {unknown}
 n - 3 potions of curing {unknown}
 p - 2 potions of haste {unknown}
 s - a potion of resistance {unknown}
 t - a potion of invisibility {unknown}
 u - 3 potions of brilliance {unknown}
 z - a potion of degeneration {unknown}
 C - a potion of agility {unknown}
 D - a potion of might {unknown}
 I - a potion of ambrosia {unknown}
 J - a potion of lignification {unknown}
Books
 x - a Young Poisoner's Handbook

   Spells                             Type                      Level
   a - Sting                          Conjuration/Poison           1
   b - Poisonous Vapours              Poison/Air                   2
   c - Mephitic Cloud                 Conjuration/Poison/Air       3
   d - Olgreb's Toxic Radiance        Poison                       4
   e - Venom Bolt                     Conjuration/Poison           5
   Trog disapproves of the use of such an item.
Comestibles
 c - 14 rations


   Skills:
 + Level 7.0 Fighting
 * Level 12.6 Maces & Flails
 + Level 5.9 Armour
 - Level 2.0 Dodging


You had 9 spell levels left.
You didn't know any spells.

Dungeon Overview and Level Annotations

Branches:
Dungeon (11/15)            Temple (1/1) D:5            Lair (0/6) D:10
    Orc: D:9-12

Altars:
Ashenzari
Cheibriados
Elyvilon
Fedhas
Gozag
Kikubaaqudgha
Nemelex Xobeh
Okawaru
Qazlal
Ru
Sif Muna
Trog
Uskayaw
Wu Jian
Xom
Yredelemnul
Zin
The Shining One

Annotations:
D:4 2 transporters, Menkaure


Innate Abilities, Weirdness & Mutations

You are resistant to torment.
Your stone body is resilient. (AC +7)
You are immune to poison.
You resist negative energy. (rN+)
You are resistant to electric shocks. (rElec)
You can survive without breathing.
You are immune to petrification.
You are immune to rotting.


Message History

The killer bee barely misses you.
You puncture the killer bee!
The killer bee is poisoned.
The killer bee is severely wounded.
The killer bee stings you but does no damage.
The killer bee stings you but does no damage.
You kill the killer bee!
Trog accepts your kill.
The steam dragon bites you but does no damage.
The steam dragon completely misses you.
You puncture the steam dragon!
The steam dragon looks as sick as possible!
The steam dragon is heavily wounded.
The steam dragon bites you but does no damage.
The steam dragon claws you but does no damage.
You bludgeon the killer bee!!
You kill the killer bee!
Trog accepts your kill. The steam dragon breathes steam at you.
The ball of steam hits you!
You die...

#....H.....###.####y#.###
#.#######..##......yy...#
#.# #H.########T#.#.#. #.#
#.y#......>........ #H#
#..#...............
#.#######..#######..###.#.#
#..............# #..# .# #
#########..###H###..###.#
#..#...D@.......
#...............
#.####..##..###. .... .....
..... ...#####..# ...# ...#
#..# ..... .... .##. #..#
.#


You could see a hippogriff and a steam dragon.

Vanquished Creatures
  The ghost of zuik the Digger, a novice OpEE of Kikubaaqudgha (D:5)
  A kobold demonologist (D:7)
  A hornet (D:10)
  Edmund (D:4)
  A water moccasin (D:10)
  An orc warrior (D:10)
  2 sky beasts
  The ghost of dingdong the Ruffian, an amateur TrFi (D:4)
  4 ice beasts
  2 phantoms
  A necrophage (D:8)
  2 ogres
  5 centaurs
  3 elf zombies (Ossuary)
  A bullfrog (D:8)
  A scorpion (D:10)
  7 killer bees
  2 howler monkeys
  2 bullfrog zombies
  2 centaur zombies (Ossuary)
  5 orc priests
  5 orc wizards
  3 hounds
  2 jellies
  Jessica (D:3)
  5 worker ants
  3 hound zombies (Ossuary)
  A hound skeleton (D:5)
  3 mummies (Ossuary)
  A worker ant zombie (D:10)
  A howler monkey skeleton (D:4)
  7 adders
  2 shadow imps
  4 adder zombies (Ossuary)
  3 dart slugs
  6 leopard geckos
  17 orcs
  3 ball pythons
  6 bats
  3 giant cockroaches
  4 goblins
  4 hobgoblins
  12 jackals
  10 kobolds
  A quokka (D:6)
  7 frilled lizards
  A gnoll zombie (Ossuary)
  5 goblin zombies (Ossuary)
  4 hobgoblin zombies (Ossuary)
  A jackal skeleton (D:8)
  6 jackal zombies
  2 kobold zombies (Ossuary)
  2 leopard gecko skeletons
  3 orc zombies (Ossuary)
  2 quokka zombies (Ossuary)
  12 rats
  A rat zombie (Ossuary)
199 creatures vanquished.

Vanquished Creatures (others)
  An iguana (D:4)
  A worker ant (D:4)
  An adder (D:4)
3 creatures vanquished.

Grand Total: 202 creatures vanquished

Notes
Turn   | Place    | Note
-------+----------+-------------------------------------------
     0 | D:1      | Htamos the Gargoyle Berserker began the quest for the Orb.
     0 | D:1      | Reached XP level 1. HP: 14/14 MP: 1/1
   200 | D:1      | Reached XP level 2. HP: 15/19 MP: 2/2
  1037 | D:2      | Reached XP level 3. HP: 24/24 MP: 3/3
  1201 | D:2      | Found a snail-covered altar of Cheibriados.
  1210 | D:2      | Reached ** piety under Trog
  1212 | D:2      | Reached skill level 4 in Maces & Flails
  1246 | D:2      | Reached XP level 4. HP: 24/29 MP: 4/4
  1588 | D:2      | Found a stormy altar of Qazlal.
  1676 | D:3      | Noticed Jessica
  1677 | D:3      | Killed Jessica
  1677 | D:3      | Reached XP level 5. HP: 28/33 MP: 5/5
  1774 | D:3      | Noticed a centaur
  1783 | D:3      | HP: 1/33 [centaur/arrow (5)]
  1800 | D:3      | Killed a centaur
  1800 | D:3      | Reached skill level 5 in Maces & Flails
  1800 | D:3      | Reached XP level 6. HP: 3/38 MP: 6/6
  2613 | D:4      | Noticed dingdong's ghost (amateur TrFi)
  2632 | D:4      | Killed dingdong's ghost
  2632 | D:4      | Reached skill level 6 in Maces & Flails
  2943 | D:4      | Noticed Edmund
  2965 | D:4      | Killed Edmund
  2965 | D:4      | Reached XP level 7. HP: 25/44 MP: 7/7
  3115 | D:4      | Found a shimmering altar of Xom.
  3292 | D:4      | Found a basalt altar of Yredelemnul.
  3294 | D:4      | Noticed Menkaure
  3304 | D:4      | Reached skill level 7 in Maces & Flails
  3312 | D:4      | Found a transporter.
  3652 | D:4      | Found a transporter.
  3652 | D:4      | Found an ancient bone altar of Kikubaaqudgha.
  3803 | D:5      | Entered Level 5 of the Dungeon
  3821 | D:5      | Found a staircase to the Ecumenical Temple.
  3832 | Temple   | Entered the Ecumenical Temple
  3889 | D:5      | Got a faintly humming scale mail
  4218 | D:5      | Noticed zuik's ghost (novice OpEE)
  4228 | D:5      | Reached skill level 8 in Maces & Flails
  4228 | D:5      | Reached XP level 8. HP: 37/48 MP: 8/8
  4241 | D:5      | Killed zuik's ghost
  4241 | D:5      | Reached skill level 5 in Fighting
  4241 | D:5      | Reached skill level 9 in Maces & Flails
  4245 | D:5      | Reached *** piety under Trog
  4906 | D:6      | Found a glowing silver altar of Zin.
  5266 | D:6      | Found a sand-covered staircase.
  5271 | Ossuary  | Entered an ossuary
  5332 | Ossuary  | Reached XP level 9. HP: 52/54 MP: 9/9
  5358 | Ossuary  | Reached skill level 10 in Maces & Flails
  5408 | Ossuary  | Reached **** piety under Trog
  6708 | D:7      | Reached skill level 11 in Maces & Flails
  6711 | D:7      | Noticed a kobold demonologist
  6725 | D:7      | Noticed a sun demon
  7317 | D:7      | Reached skill level 5 in Armour
  7330 | D:7      | Killed a kobold demonologist
  7492 | D:7      | Found an ornate altar of the Wu Jian Council.
  7735 | D:8      | Reached XP level 10. HP: 60/61 MP: 10/10
  7794 | D:8      | Reached skill level 12 in Maces & Flails
  7891 | D:8      | You fall through a shaft for 3 floors!
  7896 | D:10     | Entered Level 10 of the Dungeon
  7910 | D:10     | Reached ***** piety under Trog
  8110 | D:9      | Killed from afar by a steam dragon

Skill      XL: |  1  2  3  4  5  6  7  8  9 10 |
---------------+-------------------------------+-----
Maces & Flails | 4 5 6 8 9 11 12 | 12.6
Fighting       | 4 5 6 7 |  7.0
Dodging        | 2 |  2.0
Armour         | 3 4 5 |  5.9

Action                   |  1- 3 |  4- 6 |  7- 9 | 10-12 || total
-------------------------+-------+-------+-------+-------++-------
Melee: Mace              |   132 |   176 |     3 |       ||   311
       Dire flail        |       |       |   397 |   107 ||   504
  Use: Scroll            |       |       |       |     3 ||     3
  Eat: Chunk             |     1 |     6 |    12 |       ||    19
       Ration            |       |       |     1 |       ||     1
Armor: Animal skin       |    20 |       |       |       ||    20
       Ring mail         |    62 |    98 |    56 |       ||   216
       Chain mail        |       |       |   158 |    99 ||   257
Dodge: Dodged            |   106 |   103 |   127 |    41 ||   377
